 Dungeon Crawl Stone Soup version 0.27-a0-79-gcaaa221d37 (webtiles) character file.

Game seed: 18392066241155884258

67 gruber the Digger (level 3, -1/31 HPs)
             Began as a Troll Earth Elementalist on Jan 14, 2021.
             Slain by an orc wizard
             ... wielding a +0 dagger
              (5 damage)
             ... on level 3 of the Dungeon.
             The game lasted 00:01:53 (1388 turns).

gruber the Digger (Troll Earth Elementalist)        Turns: 1388, Time: 00:01:54

Health: -1/31      AC:  6    Str: 16    XL:     3   Next: 98%
Magic:  1/3        EV: 10    Int: 12    God:
Gold:   121        SH:  0    Dex: 10    Spells: 3/4 levels left

rFire    + . .     SeeInvis .   (no weapon)
rCold    + . .     Faith    .   (no shield)
rNeg     . . .     Spirit   .   c - +0 robe
rPois    .         Reflect  .   (helmet restricted)
rElec    .         Harm     .   j - scarf {rC+ rF+}
rCorr    .         Rampage  .   (gloves unavailable)
Will     .....                  (boots unavailable)
Stlth    +.........             (no amulet)
HPRegen  0.50/turn              (no ring)
MPRegen  0.08/turn              (no ring)

@: confused, mighty, lethally poisoned (-1 -> -1)
A: large, unfitting armour, claws 3, regeneration 1, shaggy fur 1, tough skin 3
a: no special abilities


You were on level 3 of the Dungeon.
You visited 1 branch of the dungeon, and saw 3 of its levels.

You collected 121 gold pieces.

Inventory:

Missiles
 b - 144 stones
Armour
 c - a +0 robe (worn)
 j - a scarf of resistance (worn)
Scrolls
 a - a scroll of magic mapping {unknown}
 f - 3 scrolls of identify {unknown}
 g - a scroll of blinking {unknown}
 m - a scroll of enchant armour {unknown}
 n - a scroll of amnesia {unknown}
Potions
 d - a potion of mutation {unknown}
 e - a potion of attraction {unknown}
 h - a potion of might
 i - a potion of brilliance {unknown}
 k - a potion of lignification {unknown}
 l - 2 potions of magic {unknown}


   Skills:
 - Level 1.5 Dodging
 - Level 1.0 Stealth
 - Level 1.2 Spellcasting
 - Level 0.6 Transmutations
 + Level 4.4 Earth Magic


You had 3 spell levels left.
You knew the following spells:

 Your Spells              Type           Power        Failure   Level
a - Sandblast             Erth           22%          4%          1

Your spell library contained the following spells:

 Spells                   Type           Power        Failure   Level
 Passwall                 Tmut/Erth      5%           16%         2
 Stone Arrow              Conj/Erth      12%          34%         3
 Petrify                  Tmut/Erth      6%           71%         4
 Lee's Rapid Deconstruct  Erth           5%           78%         5


Dungeon Overview and Level Annotations

Branches:
Dungeon (3/15)

Altars:
Cheibriados
Okawaru
Vehumet


Innate Abilities, Weirdness & Mutations

You are too large for most types of armour.
You have claws for hands.
Your natural rate of healing is unusually fast.
You are covered in fur. (AC +1)
You have extremely tough skin. (AC +3)


Message History

The orc wizard hits you but does no damage.
You bump into the rock wall.
You feel sick.
The orc wizard hits you with a +0 dagger.
You bump into the rock wall.
The orc wizard gestures at itself while chanting.
The orc wizard flickers and vanishes!
Deactivating autopickup; reactivate with Ctrl-A.
You bump into the rock wall.
Something hits you.
* * * LOW HITPOINT WARNING * * *
You miss something.
You feel sick. Something hits you but does no damage.
You closely miss something. Something hits you but does no damage.
You're too confused to cast spells.
Sorry, you're not good enough to have a special ability.
You bump into the rock wall.
Something hits you.
* * * LOW HITPOINT WARNING * * *
It was a potion of might.
You feel very mighty all of a sudden. Something hits you but does no damage.
You completely miss something.
You feel sick. Something hits you.
You die...

#.# ### #.# ..# #.# #.#
#.# #.# #.# # #.#
####### #.#### #.#
#.....####.....
###.#####.###......#.##
#..)o{@.....#.####....)
.........#####.#.#.#
###<## ...........
#.....# #.##
.#.########.####...#
#.# #. # #.#... #.# .
#...##. #.# ##.## #.# .
... ...


You could see an orc.

Vanquished Creatures
  2 adders (D:2)
  2 dart slugs (D:2)
  A leopard gecko (D:1)
  3 orcs (D:3)
  2 giant cockroaches
  5 goblins
  4 hobgoblins
  4 kobolds
  2 quokkas (D:2)
  8 bats
  3 frilled lizards
  4 rats
40 creatures vanquished.

Notes
Turn   | Place    | Note
-------+----------+-------------------------------------------
     0 | D:1      | gruber the Troll Earth Elementalist began the quest for the
                  | Orb.
     0 | D:1      | Reached XP level 1. HP: 16/16 MP: 1/1
   102 | D:1      | Reached skill level 3 in Earth Magic
   330 | D:1      | Reached XP level 2. HP: 24/24 MP: 2/2
   712 | D:2      | Reached XP level 3. HP: 25/31 MP: 3/3
   779 | D:2      | Reached skill level 4 in Earth Magic
  1292 | D:2      | Found a radiant altar of Vehumet.
  1292 | D:2      | Found an iron altar of Okawaru.
  1293 | D:2      | Found a snail-covered altar of Cheibriados.
  1388 | D:3      | Slain by an orc wizard

Illustrated notes

Levels and vault maps discovered:
D:1:      scummos_arrival_checkerplants, layout_basic
D:2:      layout_loops_ring, gammafunk_temple_overflow_claw
D:3:      layout_loops_ring, chequers_ecumenical_altar_simple_redux,
          uniq_crazy_yiuf_cottage

Skill      XL: |  1  2  3 |
---------------+----------+-----
Earth Magic    | 3 4 |  4.4
Dodging        | |  1.5
Stealth        | |  1.0
Spellcasting   | |  1.2
Transmutations | |  0.6

Action                   || total
-------------------------++-------
Melee: Unarmed           ||   128
 Cast: Sandblast         ||     3
  Use: Potion            ||     1
 Stab: Sleeping          ||     2
Armor: Robe              ||    75
Dodge: Dodged            ||    80

Table legend: (Time is in decaauts)
 A = Elapsed time spent in this place.
 B = Non-inter-level travel time spent in this place.
 C = Inter-level travel time spent in this place.
 D = Time resting spent in this place.
 E = Time spent auto-exploring this place.
 F = Levels seen in this place.
 G = Mean time per level.
                   A        B        C        D        E       F      G
               +--------+--------+--------+--------+--------+-----+--------+
         Total |   1387 |   1335 |     52 |      0 |   1045 |   3 |  462.3 |
       Dungeon |   1387 |   1335 |     52 |      0 |   1045 |   3 |  462.3 |
               +--------+--------+--------+--------+--------+-----+--------+

Top non-repeatable levels by time:
     D:1: 677 daAuts
     D:2: 636 daAuts
     D:3: 73 daAuts
